 Dungeon Crawl Stone Soup version 0.28-a0-948-gee6e0bcda6 (webtiles) character file.

33968 MiK0 the Severer (level 13, -9/126 (128) HPs)
             Began as a Hill Orc Berserker on July 28, 2018.
             Was a High Priest of Trog.
             Mangled by a 15-headed hydra (10 damage)
             ... on level 6 of the Lair of Beasts on Nov 30, 2021.
             The game lasted 01:54:05 (26614 turns).

MiK0 the Severer (Hill Orc Berserker)              Turns: 26614, Time: 01:54:05

HP:   -9/126 (128)  AC: 26    Str: 25    XL:     13   Next: 74%
MP:   0/13          EV:  7    Int:  7    God:    Trog [*****.]
Gold: 658           SH:  9    Dex: 10    Spells: 12/12 levels left

rFire   . . .      SeeInvis +   a - +1 war axe
rCold   . . .      Faith    .   V - +0 kite shield
rNeg    . . .      Spirit   +   x - +1 plate armour
rPois   +          Reflect  .   N - +0 helmet
rElec   .          Harm     .   f - +0 cloak "Zizoizac" {rPois Regen+}
rCorr   .          Rampage  .   J - +2 pair of gloves
Will    +....                   y - +0 pair of boots
Stlth   ..........              O - amulet of guardian spirit
HPRegen 1.11/turn               l - ring of willpower
MPRegen 0.13/turn               z - ring of see invisible

@: lethally poisoned (-9 -> -13), marked, on berserk cooldown, slowed, lightly
drained, very slow
A: no striking features
a: Renounce Religion, Berserk, Trog's Hand, Brothers in Arms


You were on level 6 of the Lair of Beasts.
You worshipped Trog.
Trog was extremely pleased with you.
You visited 2 branches of the dungeon, and saw 18 of its levels.
You also visited: Bailey.

You collected 1053 gold pieces.
You spent 395 gold pieces at shops.

Inventory:

Hand Weapons
 a - a +1 war axe (weapon)
   (You found it on level 3 of the Dungeon)
 b - a +1 flail of protection
   (You took it off an orc priest on level 10 of the Dungeon)
Missiles
 h - 474 stones (quivered)
Armour
 f - the +0 cloak "Zizoizac" (worn) {rPois Regen+}
   (You bought it in a shop on level 12 of the Dungeon)

   rPois:     It protects you from poison.
   Regen:     It increases your rate of health regeneration.
 x - a +1 plate armour (worn)
   (You found it on level 3 of the Dungeon)
 y - a +0 pair of boots (worn)
   (You found it on level 3 of the Dungeon)
 J - a +2 pair of gloves (worn)
   (You found it on level 1 of the Dungeon)
 N - a +0 helmet (worn)
   (You found it on level 1 of the Dungeon)
 V - a +0 kite shield (worn)
   (You took it off a gnoll sergeant on level 9 of the Dungeon)
Jewellery
 l - a ring of willpower (left hand)
   (You found it on level 8 of the Dungeon)
 w - a ring of flight
   (You found it on level 3 of the Dungeon)
 z - a ring of see invisible (right hand)
   (You found it on level 2 of the Lair of Beasts)
 F - an amulet of gourmand
   (You found it on level 3 of the Lair of Beasts)
 K - a +4 ring of dexterity
   (You found it on level 6 of the Dungeon)
 L - a ring of stealth
   (You found it on level 8 of the Dungeon)
 O - an amulet of guardian spirit (around neck)
   (You found it on level 10 of the Dungeon)
Wands
 t - a wand of iceblast (16)
   (You found it on level 3 of the Dungeon)
 v - a wand of digging (11)
   (You took it off a kobold on level 9 of the Dungeon)
 C - a wand of paralysis (47)
   (You found it on level 4 of the Dungeon)
 X - a wand of charming (10)
   (You found it on level 4 of the Lair of Beasts)
 Y - a wand of mindburst (7)
   (You found it on level 4 of the Lair of Beasts)
Scrolls
 k - 8 scrolls of enchant weapon
 m - 9 scrolls of removedness {@r2}
 n - 5 scrolls of identify {@r1}
 s - 5 scrolls of fog
 u - a scroll of brand weapon {unknown}
 B - 2 scrolls of enchant armour
 D - a scroll of fear {unknown}
 E - 3 scrolls of teleportation {@r4}
 G - a scroll of holy word {unknown}
 I - a scroll of vulnerability {unknown}
 P - a scroll of blinking
 Q - 3 scrolls of magic mapping
 T - 2 scrolls of immolation {!r}
 U - a scroll of torment {unknown}
 W - a scroll of summoning {unknown}
Potions
 d - 5 potions of might
 e - 2 potions of ambrosia
 i - 10 potions of curing {@q1}
 j - 2 potions of mutation {!q}
 o - 2 potions of invisibility
 p - 7 potions of heal wounds {@q2}
 q - 3 potions of brilliance
 r - 4 potions of lignification {!q}
 A - a potion of cancellation {unknown}
 H - a potion of resistance
 M - 3 potions of haste {@q3}
 R - 3 potions of attraction {!q}
 S - 2 potions of magic
Comestibles
 c - 12 removed foods {!d}
 g - 7 removed foods


   Skills:
 + Level 15.7 Fighting
 - Level 16.6 Axes
 + Level 14.3 Armour
 - Level 1.6 Dodging
 * Level 7.3 Shields


You had 12 spell levels left.
You didn't know any spells.
Your spell library was empty.

Dungeon Overview and Level Annotations

Branches:
Dungeon (12/15)            Temple (0/1) D:5            Lair (6/6) D:9
 Shoals (0/4) Lair:4        Snake (0/4) Lair:4          Orc (0/2) D:12
 Bailey (visited)
  Slime: Lair:5-6

Altars:
Cheibriados
Fedhas
Gozag
Hepliaklqana
Makhleb
Nemelex Xobeh
Qazlal
Sif Muna
Trog
Uskayaw
Xom
Yredelemnul

Shops:
D:7 x   D:12 [!

Annotations:
D:7 6 runed doors, PikkenKukken's ghost, novice DsAs
Lair:4 exclusion: cane toad


Message History

The 15-headed hydra bites you but does no damage. x3
The 15-headed hydra bites you!
* * * LOW HITPOINT WARNING * * *
The 15-headed hydra bites you but does no damage.
The 15-headed hydra closely misses you.
The 15-headed hydra bites you but does no damage.
You climb downwards.
You feel an oppressive heat about you.
There is an entrance to a volcano on this level.
Hurry and find it before the entrance collapses!
You feel sick.
You are no longer poisoned.
The komodo dragon hisses angrily.
Found a scroll of teleportation.
There is a stone staircase leading up here.
You feel much better.
The water moccasin bites you but does no damage.
The 15-headed hydra barely misses you. You block the 15-headed hydra's attack.
The 15-headed hydra barely misses you.
The 15-headed hydra bites you but does no damage. x3
The 15-headed hydra barely misses you. You block the 15-headed hydra's attack.
The 15-headed hydra bites you but does no damage. x6
You block the 15-headed hydra's attack. The water moccasin barely misses you.
You feel much better. The water moccasin bites you.
* * * LOW HITPOINT WARNING * * *
You are poisoned.
The water moccasin poisons you! The 15-headed hydra bites you.
* * * LOW HITPOINT WARNING * * *
The 15-headed hydra bites you.
* * * LOW HITPOINT WARNING * * *
You block the 15-headed hydra's attack.
The 15-headed hydra bites you but does no damage. x2
You block the 15-headed hydra's attack. x3
The 15-headed hydra bites you but does no damage.
The 15-headed hydra barely misses you. The 15-headed hydra closely misses you.
The 15-headed hydra bites you.
* * * LOW HITPOINT WARNING * * *
The 15-headed hydra bites you.
* * * LOW HITPOINT WARNING * * *
The 15-headed hydra bites you.
* * * LOW HITPOINT WARNING * * *
The 15-headed hydra bites you but does no damage.
The water moccasin bites you but does no damage.
The 15-headed hydra barely misses you. The 15-headed hydra bites you!
* * * LOW HITPOINT WARNING * * *
The 15-headed hydra closely misses you. The 15-headed hydra barely misses you.
The 15-headed hydra bites you but does no damage. x3
The 15-headed hydra barely misses you.
The 15-headed hydra bites you but does no damage.
The 15-headed hydra bites you!
You die...

#........
#........
#........
#.....?..
.........
#........
#l.......
#@S......
#.D......
#........
#........
#........
#........
#.P...#..
#####.###


You could see a 15-headed hydra, a komodo dragon and a water moccasin.

Vanquished Creatures
  4 hydras
  The ghost of Dupit the Grappler, a novice TrFi of Okawaru (D:10)
  5 two-headed ogres
  3 death yaks
  An unseen horror (D:12)
  Pikel (D:8)
  2 ugly things
  3 cyclopes
  A centaur zombie (D:9)
  3 black mambas
  10 cane toads
  Psyche (D:10)
  3 komodo dragons
  2 kobold demonologists
  2 trolls
  11 dream sheep
  A hornet (D:12)
  2 removed hippogriffs
  19 yaks
  A wraith (D:11)
  2 basilisks
  4 hogs (D:7)
  A human (D:7)
  Grum (D:8)
  A steam dragon (D:8)
  4 removed hungry ghosts
  A naga (Lair:4)
  An acid dragon (D:12)
  5 water moccasins
  Duvessa (D:4)
  4 removed porcupines
  A necrophage (D:5)
  5 orc warriors
  2 sky beasts
  3 ice beasts
  4 removed slaves (D:8)
  3 black bears
  5 ogres
  3 phantoms
  7 removed crocodiles
  10 wolves
  3 centaurs
  A ghost (Lair:3)
  10 kobold brigands
  14 bullfrogs
  A wyvern zombie (D:10)
  2 gnoll sergeants
  Dowan (D:3)
  A wyvern skeleton (D:7)
  3 scorpions
  7 killer bees
  2 water moccasin skeletons
  3 howler monkeys
  5 crimson imps
  2 bullfrog zombies
  A quasit (D:10)
  A jelly (D:8)
  8 orc wizards
  2 centaur skeletons
  2 bullfrog skeletons
  3 hounds
  4 orc priests
  Natasha (thrice) (D:3)
  11 iguanas
  5 hell rats (Lair:5)
  13 removed worker ants
  2 killer bee zombies
  2 hound zombies
  A hound skeleton (D:8)
  4 removed worker ant zombies
  A howler monkey skeleton (D:5)
  14 adders
  14 gnolls
  4 shadow imps
  2 endoplasms
  An adder skeleton (D:6)
  2 adder zombies (D:6)
  A worm (D:2)
  3 dart slugs
  25 orcs
  8 removed leopard geckos
  2 ball pythons
  8 giant cockroaches
  11 goblins
  9 hobgoblins
  9 jackals
  2 quokkas
  11 bats
  6 frilled lizards
  A jackal zombie (D:7)
  17 kobolds
  7 rats
  A fungus (Lair:3)
420 creatures vanquished.

Vanquished Creatures (others)
  11 fungi
  10 plants
21 creatures vanquished.

Grand Total: 441 creatures vanquished

Notes
Turn   | Place    | Note
-------+----------+-------------------------------------------
     0 | D:1      | MiK0 the Hill Orc Berserker began the quest for the Orb.
     0 | D:1      | Reached XP level 1. HP: 19/19 MP: 1/1
    36 | D:1      | Reached XP level 2. HP: 21/27 MP: 2/2
   724 | D:1      | Reached XP level 3. HP: 33/33 MP: 3/3
  1213 | D:1      | Reached ** piety under Trog
  1588 | D:2      | Found a hazy altar of Hepliaklqana.
  1656 | D:2      | Reached XP level 4. HP: 18/41 MP: 4/4
  2267 | D:2      | Reached skill level 5 in Axes
  2802 | D:2      | Found a snail-covered altar of Cheibriados.
  2999 | D:3      | Reached XP level 5. HP: 47/47 MP: 5/5
  3117 | D:3      | Noticed Natasha
  3141 | D:3      | Killed Natasha
  3141 | D:3      | Reached skill level 5 in Fighting
  3234 | D:3      | Noticed Natasha
  3243 | D:3      | Killed Natasha
  3601 | D:3      | Found a sparkling altar of Nemelex Xobeh.
  3686 | D:3      | Noticed Natasha
  3702 | D:3      | Killed Natasha
  4061 | D:4      | Reached XP level 6. HP: 53/56 MP: 6/6
  4141 | D:4      | Noticed Duvessa
  4141 | D:4      | Noticed Dowan
  4220 | D:3      | Reached skill level 6 in Axes
  4460 | D:4      | Killed Duvessa
  4613 | D:3      | Killed Dowan
  4613 | D:3      | Reached XP level 7. HP: 61/63 MP: 7/7
  4684 | D:4      | Reached *** piety under Trog
  4788 | D:3      | Reached skill level 5 in Armour
  4963 | D:4      | Reached skill level 7 in Axes
  5683 | D:5      | Entered Level 5 of the Dungeon
  5777 | D:5      | Reached XP level 8. HP: 73/73 MP: 8/8
  5805 | D:5      | Reached skill level 8 in Axes
  5823 | D:5      | Found a staircase to the Ecumenical Temple.
  6108 | D:5      | Found a stormy altar of Qazlal.
  6110 | D:5      | Found a blossoming altar of Fedhas.
  7465 | D:6      | Found a hazy altar of Hepliaklqana.
  7753 | D:6      | Reached skill level 9 in Axes
  8172 | D:6      | Reached XP level 9. HP: 73/82 MP: 9/9
  9139 | D:7      | Found Yblauf's Gadget Shop.
  9205 | D:7      | Reached **** piety under Trog
  9205 | D:7      | Reached skill level 10 in Axes
  9822 | D:7      | Found an opulent altar of Gozag.
  9848 | D:7      | Found a huge runed gate.
  9848 | D:7      | Noticed a polar bear
  9863 | D:7      | Found a huge runed gate.
  9863 | D:7      | Found a huge runed gate.
  9863 | D:7      | Found a huge runed gate.
  9863 | D:7      | Noticed a manticore
  9863 | D:7      | Noticed a polar bear
  9863 | D:7      | Noticed a manticore
  9864 | D:7      | Noticed a death yak
  9865 | D:7      | Noticed a polar bear
  9898 | D:7      | Found a large runed door.
  9898 | D:7      | Found a large runed door.
  9906 | D:7      | Noticed PikkenKukken's ghost (novice DsAs)
  9921 | D:7      | Found a shimmering altar of Xom.
  9925 | D:7      | Found a bloodstained altar of Trog.
  9926 | D:7      | Found a basalt altar of Yredelemnul.
  9944 | D:7      | Found a blossoming altar of Fedhas.
 10373 | D:7      | Found a deep blue altar of Sif Muna.
 10374 | D:7      | Found a hide-covered altar of Uskayaw.
 10522 | D:7      | Reached skill level 10 in Fighting
 10531 | D:7      | Reached skill level 11 in Axes
 10531 | D:7      | Reached XP level 10. HP: 70/93 MP: 10/10
 11501 | D:8      | Noticed a two-headed ogre
 11525 | D:8      | Killed a two-headed ogre
 12166 | D:8      | Noticed Pikel
 12230 | D:8      | Killed Pikel
 12230 | D:8      | Reached skill level 12 in Axes
 12230 | D:8      | Reached skill level 10 in Armour
 12844 | D:8      | Found a burning altar of Makhleb.
 12922 | D:8      | Noticed Grum
 12946 | D:8      | Killed Grum
 13721 | D:9      | Reached XP level 11. HP: 97/104 MP: 11/11
 13951 | D:9      | Noticed a death yak
 15112 | D:9      | Noticed a death yak
 15164 | D:9      | Noticed a death yak
 15206 | D:8      | HP: 7/156 [death yak (16)]
 15209 | D:8      | Killed a death yak
 15209 | D:8      | Reached skill level 13 in Axes
 15690 | D:8      | Killed a death yak
 15919 | D:9      | Killed a death yak
 16111 | D:9      | Found a staircase to the Lair.
 16138 | D:9      | Noticed a two-headed ogre
 16148 | D:9      | Killed a two-headed ogre
 16483 | D:9      | Found a shimmering altar of Xom.
 17664 | D:8      | Upgraded the game from 0.22-a0-866-geee50340df to
                  | 0.25-a0-362-g90ccd6aac3
 17812 | D:10     | Entered Level 10 of the Dungeon
 17812 | D:10     | Found a flagged portal.
 17812 | D:10     | Noticed Psyche
 17819 | D:10     | Killed Psyche
 17902 | Bailey   | Entered a bailey
 18033 | D:10     | Reached skill level 14 in Axes
 18052 | D:10     | Reached ***** piety under Trog
 18052 | D:10     | Received a gift from Trog
 18155 | D:10     | Got an ancient ruby amulet
 18285 | D:10     | Noticed a two-headed ogre
 18299 | D:10     | Killed a two-headed ogre
 18299 | D:10     | Reached XP level 12. HP: 45/115 MP: 12/12
 18823 | D:10     | Found a runed translucent gate.
 18824 | D:10     | Found a runed translucent gate.
 18825 | D:10     | Found a runed translucent gate.
 18828 | D:10     | Noticed Dupit's ghost (novice TrFi)
 18918 | D:10     | Noticed a two-headed ogre
 18925 | D:10     | Killed a two-headed ogre
 18993 | D:10     | Noticed a two-headed ogre
 19000 | D:10     | Killed a two-headed ogre
 19347 | D:11     | Noticed a five-headed hydra
 19406 | D:10     | Noticed a soul eater
 19414 | D:10     | Noticed a sun demon
 19594 | D:10     | Killed Dupit's ghost
 19794 | D:10     | Identified the amulet "Ruaguat" {Harm *Drain rC+ Str+2
                  | Dex-2} (You found it on level 10 of the Dungeon)
 20827 | D:11     | Reached skill level 15 in Axes
 20827 | D:11     | Reached skill level 1 in Shields
 21939 | D:12     | Found a staircase to the Orcish Mines.
 21939 | D:12     | Found Meorybb's Armour Shop.
 22294 | D:12     | Bought the +0 cloak "Zizoizac" {rPois Regen+} for 235 gold
                  | pieces
 22507 | D:12     | Received a gift from Trog
 22824 | D:12     | Found Fuxiewn's Distillery.
 22827 | D:12     | Bought a potion of heal wounds for 80 gold pieces
 22827 | D:12     | Bought a potion of heal wounds for 80 gold pieces
 23075 | D:10     | Killed a 19-headed hydra
 23075 | D:10     | Reached XP level 13. HP: 125/125 MP: 13/13
 23098 | Lair:1   | Entered Level 1 of the Lair of Beasts
 24036 | Lair:2   | Reached skill level 5 in Shields
 24868 | Lair:3   | Upgraded the game from 0.25-a0-362-g90ccd6aac3 to
                  | 0.25-a0-603-g0321be95db
 24938 | Lair:3   | Reached skill level 16 in Axes
 25184 | Lair:3   | Reached skill level 15 in Fighting
 25184 | Lair:3   | Upgraded the game from 0.25-a0-603-g0321be95db to
                  | 0.28-a0-948-gee6e0bcda6
 25682 | Lair:4   | Found a staircase to the Shoals.
 25816 | Lair:4   | Found a staircase to the Snake Pit.
 25818 | Lair:4   | Identified the +4 leather armour "Kikoly" {Harm *Corrode
                  | rC- rN+ Dex+8}
 25912 | Lair:4   | Found a gate leading to a gauntlet.
 26611 | Lair:5   | HP: 1/126 [15-headed hydra (8)]
 26612 | Lair:6   | Entered Level 6 of the Lair of Beasts
 26614 | Lair:6   | Mangled by a 15-headed hydra

Illustrated notes

Levels and vault maps discovered:
D:1:      lemuel_arrival_funnel
D:2:      lemuel_crystal_altar, marbit_many_paths
D:3:      lemuel_crystal_altar, hangedman_decor_growths, uniq_natasha
D:4:      uniq_duvessa
D:5:      grunt_temple_overflow_forces_of_nature, minmay_temple_entry_junction,
          first_ration, grunt_ministairs_15
D:6:      basic_altar, nrook_loot_triangle, nicolae_underground_beach
D:7:      lemuel_bear_cage, nicolae_gozag_seed_capital,
          gammafunk_temple_overflow_forgotten, grunt_temple_overflow_open,
          basic_altar, serial_shops, kennysheep_mini_moat,
          ebering_ghost_disaster_area, grunt_livestock
D:8:      kennysheep_ambush_hall, lemuel_doored_altar, uniq_pikel, uniq_grum
D:9:      dpeg_lair_monsters, basic_altar, kennysheep_potato
D:10:     minmay_octagon_keep, layout_basic, gammafunk_ghost_nasty_kobolds,
          enter_bailey_2, uniq_psyche
D:11:     minmay_cornered_nines, layout_loops_ring
D:12:     layout_cave_pools, orc_david_3, serial_shops,
          nicolae_shop_behind_doors, kennysheep_small_spiral
Lair:1:   layout_hall_layers
Lair:2:   layout_loops_ring, grunt_megastairs_5, serial_bayou_shore_b,
          lemuel_fruit_tree
Lair:3:   layout_roguey
Lair:4:   layout_small_grid, elwin_shoals_entry_rocks,
          guppyfry_snake_entry_island, gauntlet_entry_generic
Lair:5:   layout_cave_shapes, dpeg_slime_entry_corner, basic_altar,
          chequers_serial_rivers_micro_e
Lair:6:   guppyfry_lair_end_dragon, layout_gridlike,
          hangedman_lair_caniforms_friends, enter_volcano_4

Skill      XL: |  1  2  3  4  5  6  7  8  9 10 11 12 13 |
---------------+----------------------------------------+-----
Fighting       | 4 5 6 7 8 10 11 13 14 15 | 15.7
Armour         | 3 4 5 7 9 10 11 13 14 | 14.3
Axes           | 5 6 7 9 11 12 14 15 16 | 16.6
Shields        | 3 7 |  7.3
Dodging        | |  1.6

Action                   |  1- 3 |  4- 6 |  7- 9 | 10-12 | 13-15 || total
-------------------------+-------+-------+-------+-------+-------++-------
Melee: Hand axe          |   142 |   104 |       |       |       ||   246
       War axe           |       |    57 |   345 |   841 |   259 ||  1502
       Flail             |       |       |       |    10 |    59 ||    69
Throw: Stone             |       |       |       |    38 |       ||    38
Invok: Berserk           |       |       |       |     4 |     1 ||     5
Evoke: Wand              |       |       |       |    14 |       ||    14
  Use: Scroll            |       |       |    15 |    17 |     3 ||    35
       Potion            |       |       |       |     4 |     2 ||     6
 Stab: Sleeping          |     1 |       |       |       |       ||     1
       Paralysed         |       |       |       |    37 |       ||    37
  Eat: Removed food      |     2 |     9 |    11 |    15 |     4 ||    41
       Removed food      |       |       |     4 |    11 |       ||    15
Armor: Animal skin       |    32 |     1 |       |       |       ||    33
       Chain mail        |       |    46 |       |       |       ||    46
       Plate armour      |       |    70 |   324 |   517 |   326 ||  1237
Dodge: Dodged            |   103 |    68 |   170 |   287 |    99 ||   727
Block: Kite shield       |       |       |       |    50 |   197 ||   247

Table legend: (Time is in decaauts)
 A = Elapsed time spent in this place.
 B = Non-inter-level travel time spent in this place.
 C = Inter-level travel time spent in this place.
 D = Time resting spent in this place.
 E = Time spent auto-exploring this place.
 F = Levels seen in this place.
 G = Mean time per level.
                   A        B        C        D        E       F      G
               +--------+--------+--------+--------+--------+-----+--------+
         Total |  26570 |  25205 |   1365 |  11461 |   9206 |  19 | 1398.4 |
       Dungeon |  23064 |  21807 |   1257 |  10935 |   6936 |  12 | 1922.0 |
          Lair |   3467 |   3359 |    108 |    526 |   2270 |   6 |  577.8 |
        Bailey |     38 |     38 |      0 |      0 |      0 |   1 |   38.0 |
               +--------+--------+--------+--------+--------+-----+--------+

Top non-repeatable levels by time:
  Lair:4: 891 daAuts
  Lair:3: 398 daAuts
  Lair:5: 127 daAuts
  Lair:6: 2 daAuts
Note: time per level data comes from an upgraded game and may be incomplete.
